 Dungeon Crawl Stone Soup version 0.18-a0-1203-gbde16db (webtiles) character file.

161 Oddball22 the Cutter (level 5, -3/26 HPs)
             Began as a Vine Stalker Artificer on Feb 1, 2016.
             Slain by an ogre
             ... wielding a cursed -1 giant club
              (15 damage)
             ... on level 4 of the Dungeon.
             The game lasted 00:05:06 (2204 turns).

Oddball22 the Cutter (Vine Stalker Artificer)       Turns: 2204, Time: 00:05:06

Health: -3/26      AC:  4    Str: 14    XL:     5   Next: 42%
Magic:  0/8        EV: 13    Int: 12    God:
Gold:   197        SH:  0    Dex: 19    Spells: 0 memorised, 4 levels left

rFire  . . .     SeeInvis .     a - +0 short sword
rCold  . . .     Gourm    .     b - +0 leather armour
rNeg   . . .     Faith    .     (no shield)
rPois  .         Spirit   +     (no helmet)
rElec  .         Dismiss  .     (no cloak)
rCorr  .         Reflect  .     (no gloves)
SustAt .         Harm     .     h - +0 pair of boots
MR     .....                    (no amulet)
Stlth  +++.......               t - +4 ring of dexterity
                                m - ring of stealth

@: not resistant to hostile enchantments, fairly stealthy
A: fangs 2, regeneration 1, magic shield, antimagic bite, no device heal 3, rot
immunity
a: no special abilities


You were on level 4 of the Dungeon.
You were not hungry.

You visited 1 branch of the dungeon, and saw 4 of its levels.

You collected 197 gold pieces.

Inventory:

Hand Weapons
 a - a +0 short sword (weapon)
 r - a +2 antimagic whip
Armour
 b - a +0 leather armour (worn)
 h - a +0 pair of boots (worn)
 C - a +1 robe of resistance
Jewellery
 m - a ring of stealth (left hand)
 t - a +4 ring of dexterity (right hand)
Wands
 c - a wand of flame (13/48)
 d - a wand of enslavement (13/24)
 e - a wand of random effects (12/48)
Scrolls
 g - a scroll of remove curse {unknown}
 i - a scroll of noise {unknown}
 n - a scroll of enchant weapon {unknown}
 p - 5 scrolls of teleportation {unknown}
 q - a scroll of immolation {unknown}
 y - 3 scrolls of identify {unknown}
Potions
 j - a potion of invisibility {unknown}
 k - a potion of ambrosia {unknown}
 o - a potion of might {unknown}
 s - 2 potions of haste {unknown}
 u - a potion of cure mutation {unknown}
 v - a potion of poison {unknown}
 w - a potion of flight {unknown}
 x - 2 potions of agility {unknown}
 A - a potion of brilliance {unknown}
Books
 z - a book of Beasts

   Spells                             Type                      Level
   a - Summon Butterflies             Summoning                    1
   b - Call Canine Familiar           Summoning                    3
   c - Summon Ice Beast               Ice/Summoning                4
   d - Summon Mana Viper              Hexes/Summoning              5
   e - Summon Hydra                   Summoning                    7
Comestibles
 f - 4 bread rations
 l - a meat ration
 B - 2 beef jerkies
 D - 2 chunks of flesh


   Skills:
 + Level 2.2 Fighting
 * Level 3.3 Short Blades
 + Level 2.5 Dodging
 - Level 1.2 Stealth
 - Level 2.6 Evocations


You had 4 spell levels left.
You didn't know any spells.

Dungeon Overview and Level Annotations

Branches:
Dungeon (4/15)
 Temple: D:4-7

Altars:
Makhleb
Xom

Annotations:
D:4 Grinder


Innate Abilities, Weirdness & Mutations

You have extremely sharp teeth.
Your natural rate of healing is unusually fast.
When hurt, damage is shared between your health and your magic reserves.
Your bite disrupts and absorbs the magic of your enemies.
Potions and wands cannot restore your health.
You are immune to rotting.


Message History

Press: ? - help, Shift-Dir - straight line, f/p - ogre
Aim: an ogre, wielding a giant club (lightly wounded)
The ogre seems to slow down.
This wand has 12 charges left.
You hit the ogre. You bite the ogre. You drain its power.
You feel invigorated.
The ogre is moderately wounded.
The ogre closely misses you.
You barely miss the ogre. You bite the ogre. You drain its power.
You feel invigorated.
The ogre is heavily wounded.
You hit the ogre but do no damage. Your bite misses the ogre.
The ogre is heavily wounded.
The ogre barely misses you.
You completely miss the ogre. You bite the ogre. You drain its power.
You feel invigorated.
The ogre is severely wounded.
You hit the ogre. You bite the ogre. You drain its power.
The ogre is almost dead.
The ogre hits you with a giant club!!
Ouch! That really hurt!
You die...

#### ..# #.#########
#.........# #..######.#
#....O@.#.#######
##.####.........#####
...## ###...........#
....>.........###.###.#
....).....###.#.# #.#
######.##.###.#.# #.#
...........#.###.#
..#.##.......##..#
............####..#


You could see an ogre.

Vanquished Creatures
  A hound (D:2)
  Jessica (D:3)
  2 adders
  4 worms
  A giant gecko (D:3)
  2 orcs (D:3)
  2 bats
  4 giant cockroaches
  8 goblins
  4 hobgoblins
  A quokka (D:2)
  2 ball pythons
  A giant newt (D:1)
  6 kobolds
  5 rats
44 creatures vanquished.

Vanquished Creatures (others)
  A hound (D:2)
  A gnoll (D:2)
2 creatures vanquished.

Grand Total: 46 creatures vanquished

Notes
Turn   | Place    | Note
--------------------------------------------------------------
     0 | D:1      | Oddball22 the Vine Stalker Artificer began the quest for the Orb.
     0 | D:1      | Reached XP level 1. HP: 9/9 MP: 3/3
    42 | D:1      | Reached skill level 1 in Fighting
    42 | D:1      | Reached skill level 1 in Short Blades
   342 | D:1      | Reached XP level 2. HP: 14/14 MP: 5/5
   664 | D:2      | Reached XP level 3. HP: 6/18 MP: 3/6
   670 | D:2      | Killed a hound
   670 | D:2      | Reached XP level 4. HP: 7/23 MP: 3/7
  1052 | D:2      | Found a burning altar of Makhleb.
  1106 | D:2      | Reached skill level 3 in Short Blades
  1568 | D:3      | Reached XP level 5. HP: 22/26 MP: 6/8
  1789 | D:3      | Noticed Jessica
  1854 | D:3      | Killed Jessica
  2053 | D:3      | Found a shimmering altar of Xom.
  2133 | D:4      | Noticed Grinder
  2188 | D:4      | Noticed an ogre
  2204 | D:4      | Slain by an ogre

Vault maps used:
D:1:      minmay_arrival_cross, serial_bayou_pond_d
D:2:      old_standard_altar, cheibrodos_gnoll_hut
D:3:      led_xom_imps, uniq_jessica
D:4:      bloody_trog, serial_park_tiny_1, uniq_grinder, uniq_sigmund,
          uniq_blork_the_orc

Action                   |  1- 3 |  4- 6 || total
-------------------------+-------+-------++-------
Melee: Short sword       |    34 |    88 ||   122
Evoke: Wand              |     4 |     3 ||     7
 Stab: Sleeping          |     1 |    12 ||    13
  Eat: Chunk             |       |     4 ||     4
